 Dungeon Crawl Stone Soup version 0.28-a0-1616-g050a50673c (webtiles) character file.

Game seed: 6688955081151350980

3839 porpoise the Fighter (level 10, -3/80 HPs)
             Began as a Djinni Conjurer on Jan 23, 2022.
             Was a Follower of Ashenzari.
             Slain by a freezing wraith (9 damage)
             ... on level 9 of the Dungeon.
             The game lasted 00:45:26 (12209 turns).

porpoise the Fighter (Djinni Conjurer)             Turns: 12209, Time: 00:45:26

Health: -3/80      AC:  7    Str: 17    XL:     10   Next: 40%
Gold:   17         EV: 15    Int: 31    God:    Ashenzari [*.....] SH:  5 Dex: 18

rFire   + . .      SeeInvis +   b - +1 hunting sling
rCold   x . .      Faith    .   (no shield)
rNeg    + . .      Spirit   .   q - +1 leather armour of Ashenzari's Loss {rN+ Str+3 Int+6 Slay-4, Self, Range} (curse)
rPois   ∞          Reflect  +   j - +2 helmet
rElec   .          Harm     .   (no cloak)
rCorr   .          Rampage  .   (no gloves)
Will    +....                   (boots unavailable)
Stlth   +++.......              c - amulet of reflection
HPRegen 0.23/turn               m - ring "Behold Eternity" {rPois rF- Str+4 Int+5 SInv, Self, Range} (curse)
MPRegen 0.00/turn               n - +6 ring of dexterity

@: flying, slowed, very slow
A: sickness immunity, fire resistance 2, cold vulnerability 1, float, innate
caster, hp casting, extra vitality 1
a: Renounce Religion, Curse Item, Shatter the Chains


You were on level 9 of the Dungeon.
You worshipped Ashenzari.
Ashenzari was aware of your devotion.
You visited 2 branches of the dungeon, and saw 10 of its levels.
You also visited: Sewer.

You collected 422 gold pieces.
You spent 405 gold pieces at shops.

Inventory:

Hand Weapons
 a - a +0 short sword
 b - a +1 hunting sling (weapon)
Missiles
 d - 222 stones (quivered ammo)
 f - 59 arrows
 h - 5 javelins
 w - 11 poisoned darts
 z - 78 sling bullets
 G - 52 bolts
 I - a throwing net
Armour
 j - a +2 helmet (worn)
 p - a +1 robe
 q - the cursed +1 leather armour of Ashenzari's Loss (worn) {rN+ Str+3 Int+6 Slay-4, Self, Range}
   (You found it on level 4 of the Dungeon)

   Str:       It affects your strength (+3).
   Int:       It affects your intelligence (+6).
   Slay:      It affects your accuracy & damage with ranged weapons and melee
   (-4).
   rN:        It protects you from negative energy.
   It has a curse which improves the following skills: Introspection: Fighting
   and Spellcasting.
   Ranged Combat: Slings, Bows, Crossbows and Throwing.
 L - the +1 robe of Syndicalism {rPois rCorr Int+7 Dex-5}
   (You bought it in a shop on level 8 of the Dungeon)

   Int:       It affects your intelligence (+7).
   Dex:       It affects your dexterity (-5).
   rPois:     It protects you from poison.
   rCorr:     It protects you from acid and corrosion.
 P - a +3 leather armour of fire resistance
 Q - a +0 helmet
 R - a +0 helmet
Magical Staves
 l - a staff of fire
Jewellery
 c - an amulet of reflection (around neck)
 m - the cursed ring "Behold Eternity" (left hand) {rPois rF- Str+4 Int+5 SInv, Self, Range}
   (You acquired it on level 4 of the Dungeon)

   [ring of see invisible]

   Str:       It affects your strength (+4).
   Int:       It affects your intelligence (+5).
   rF:        It makes you vulnerable to fire.
   rPois:     It protects you from poison.
   SInv:      It lets you see invisible.
   It has a curse which improves the following skills: Introspection: Fighting
   and Spellcasting.
   Ranged Combat: Slings, Bows, Crossbows and Throwing.
 n - a +6 ring of dexterity (right hand)
 x - a ring of protection from fire
 A - a ring of wizardry
Wands
 r - a wand of acid (9)
 C - a wand of iceblast (24)
Scrolls
 e - 2 scrolls of torment
 g - a scroll of teleportation
 i - a scroll of holy word
 k - 2 scrolls of fog
 o - 2 scrolls of magic mapping
 y - a scroll of fear
 E - 2 scrolls of noise
 F - 2 scrolls of enchant weapon
 N - a scroll of vulnerability
 O - 2 scrolls of immolation
Potions
 s - 2 potions of curing
 t - 2 potions of berserk rage
 u - a potion of cancellation
 v - 5 potions of heal wounds
 B - a potion of invisibility
 D - a potion of ambrosia
 H - 2 potions of attraction
 J - 2 potions of might
 K - a potion of lignification
 M - 2 potions of brilliance


   Skills:
 * Level 8.6(10.0) Fighting
 * Level 6.3 Dodging
 - Level 5.0 Stealth
 - Level 6.8(8.1) Spellcasting
 + Level 3.5 Evocations


You had 3 spell levels left.
You knew the following spells:

 Your Spells              Type           Power      Damage    Failure   Level
a - Magic Dart            Conj           100%       1d8       1%          1
b - Searing Ray           Conj           100%       2d8       1%          2
c - Fulminant Prism       Conj/Hex       29%        3d14      1%          4
d - Iskenderun's Mystic   Conj/Tloc      59%        2d12      1%          4
k - Animate Skeleton      Necr           100%       N/A       1%          1
p - Passwall              Tmut/Erth      49%        N/A       1%          2
r - Corpse Rot            Necr/Air       100%       N/A       1%          2
t - Teleport Other        Tloc           59%        N/A       1%          3
z - Dazzling Flash        Conj/Hex       100%       N/A       1%          3
Your spell library was empty.

Dungeon Overview and Level Annotations

Branches:
Dungeon (9/15)             Temple (1/1) D:6           Sewer (visited)
   Lair: D:8-11         Orc: D:9-12

Altars:
Ashenzari
Cheibriados
Dithmenos
Elyvilon
Fedhas
Gozag
Hepliaklqana
Kikubaaqudgha
Makhleb
Nemelex Xobeh
Okawaru
Qazlal
Ru
Sif Muna
Trog
Uskayaw
Vehumet
Wu Jian
Xom
Yredelemnul
Zin
The Shining One

Shops:
D:5 :   D:8 ![(*(

Annotations:
D:6 2 runed translucent doors, bladeefan's ghost, novice DsAK


Innate Abilities, Weirdness & Mutations

You are immune to sickness and miasma.
You are immune to poison.
Your flesh is very heat resistant. (rF++)
You are vulnerable to cold. (rC-)
You float through the air rather than walking.
You learn spells naturally, not from books.
Your magical power is your life essence.
You have superior vitality. (+4 MHP)


Message History

The searing ray hits the freezing wraith!
The freezing wraith is almost destroyed. (Press . to maintain the ray.)
The searing ray hits the freezing wraith but does no damage.
The freezing wraith is almost destroyed.
The searing ray misses the freezing wraith.
The freezing wraith misses you. The freezing wraith hits you!
The freezing wraith drains your vigour!
You feel yourself slow down.
The searing ray misses the freezing wraith.
You finish channelling your searing ray.
The freezing wraith completely misses you.
The freezing wraith hits you. The freezing wraith drains your vigour!
You feel as though you will be slow longer.
You block the freezing wraith's attack.
The freezing wraith hits you but does no damage.
Casting: Searing Ray (safe; 1% risk of failure)
Confirm with . or Enter, or press ? or * to list all spells.
Aiming: Searing Ray (safe; 1% risk of failure)
Press: ? - help, Shift-Dir - straight line, f/p - freezing wraith
Aim: a freezing wraith (almost destroyed, 83% to hit)
The searing ray misses the freezing wraith. (Press . to maintain the ray.)
The freezing wraith hits you. The freezing wraith freezes you!!
You feel a terrible chill!
* * * LOW HITPOINT WARNING * * *
The freezing wraith hits you!
* * * LOW HITPOINT WARNING * * *
The freezing wraith drains your vigour!
You feel as though you will be slow longer.
The searing ray hits the freezing wraith but does no damage.
The freezing wraith is almost destroyed.
* * * LOW HITPOINT WARNING * * *
The freezing wraith closely misses you. x2
The freezing wraith hits you but does no damage.
The freezing wraith barely misses you.
The searing ray hits the freezing wraith.
The freezing wraith is almost destroyed.
* * * LOW HITPOINT WARNING * * *
The freezing wraith hits you!
You die...

###############
#..............
#.####.#......@W.....#
#..... ######.#######.
###....########.#
..#.<..#........#
..#....#........#
..#....#####'#######
..#.................
'##...............#.
........###.......#


You could see a freezing wraith.

Vanquished Creatures
  A two-headed ogre (D:9)
  Grinder (D:3)
  A hornet (D:8)
  A wyvern (D:8)
  Sigmund (D:2)
  2 water moccasins
  A black bear (D:6)
  A necrophage (D:6)
  2 ice beasts
  2 centaurs
  2 ogres (D:6)
  2 phantoms
  A kobold brigand (D:7)
  2 gnoll sergeants
  5 bullfrogs
  A wyvern zombie (D:8)
  A water moccasin zombie (D:6)
  2 wyvern skeletons
  A jelly (D:5)
  A centaur zombie (D:5)
  2 hounds
  A gnoll shaman (D:6)
  A bullfrog skeleton (D:6)
  A centaur skeleton (D:5)
  An iguana (D:4)
  3 orc wizards
  A killer bee zombie (D:7)
  13 gnolls
  15 adders
  3 river rats (Sewer)
  A white imp (D:6)
  4 worms (D:3)
  5 dart slugs
  17 orcs
  5 bats
  7 endoplasms
  A giant cockroach (D:4)
  13 goblins
  7 hobgoblins
  5 quokkas
  12 ball pythons
  3 frilled lizards
  21 kobolds
  37 rats
210 creatures vanquished.

Vanquished Creatures (others)
  10 fulminant prisms
10 creatures vanquished.

Grand Total: 220 creatures vanquished

Notes
Turn   | Place    | Note
-------+----------+-------------------------------------------
     0 | D:1      | porpoise the Djinni Conjurer began the quest for the Orb.
     0 | D:1      | Reached XP level 1. HP: 15/15 MP: 0/0
   301 | D:1      | Reached XP level 2. HP: 17/22 MP: 0/0
   485 | D:1      | Reached skill level 1 in Fighting
   545 | D:1      | Found a faded altar of an unknown god.
  1178 | D:2      | Reached XP level 3. HP: 25/27 MP: 0/0
  1178 | D:2      | Learned a level 1 spell: Animate Skeleton
  1534 | D:2      | Noticed Sigmund
  1667 | D:2      | Reached XP level 4. HP: 29/33 MP: 0/0
  1714 | D:2      | Reached skill level 2 in Fighting
  2234 | D:2      | Killed Sigmund
  2235 | D:2      | Reached skill level 3 in Fighting
  2235 | D:2      | Reached XP level 5. HP: 12/40 MP: 0/0
  2235 | D:2      | Learned a level 2 spell: Passwall
  2235 | D:2      | Reached XP level 6. HP: 14/46 MP: 0/0
  3168 | D:3      | Found a glowing drain.
  3179 | Sewer    | Entered a sewer
  4160 | Sewer    | Reached skill level 4 in Fighting
  4160 | Sewer    | Reached XP level 7. HP: 43/52 MP: 0/0
  4160 | Sewer    | Learned a level 2 spell: Corpse Rot
  4522 | D:3      | Noticed Grinder
  4538 | D:3      | Killed Grinder
  4539 | D:3      | Reached skill level 5 in Spellcasting
  5134 | D:4      | Identified a scroll of acquirement
  5135 | D:4      | Acquired the ring of Fun {rPois rF- Str+4 Int+5 SInv}
  5178 | D:4      | Reached skill level 5 in Fighting
  5178 | D:4      | Reached XP level 8. HP: 49/59 MP: 0/0
  6409 | D:4      | Identified the +1 leather armour "Ufapo" {rN+ Str+3 Int+6
                  | Slay-4}
  6837 | D:5      | Entered Level 5 of the Dungeon
  7275 | D:5      | Reached skill level 6 in Fighting
  7510 | D:5      | Found Jegithro's Book Shoppe.
  7816 | D:6      | Reached XP level 9. HP: 52/67 MP: 0/0
  7816 | D:6      | Learned a level 3 spell: Teleport Other
  8106 | D:6      | Reached skill level 7 in Fighting
  8349 | D:6      | Found a staircase to the Ecumenical Temple.
  8366 | Temple   | Entered the Ecumenical Temple
  8623 | Temple   | Became a worshipper of Ashenzari the Shackled
  8684 | D:6      | Reached skill level 5 in Stealth
  9062 | D:6      | Found a runed translucent door.
  9063 | D:6      | Noticed bladeefan's ghost (novice DsAK)
  9097 | D:6      | Found a runed translucent door.
  9520 | D:7      | Reached skill level 1 in Evocations
 10251 | D:7      | Found a bloodstained altar of Trog.
 10251 | D:7      | Found an iron altar of Okawaru.
 10271 | D:7      | Reached * piety under Ashenzari
 10555 | D:8      | Found Imoutet's Distillery.
 10896 | D:8      | Bought 2 potions of degeneration for 28 gold pieces
 10896 | D:8      | Bought a potion of brilliance for 56 gold pieces
 10915 | D:8      | Found Eloedag's Antique Armour Boutique.
 10927 | D:8      | Reached XP level 10. HP: 74/78 MP: 0/0
 10946 | D:8      | Bought a heavy robe for 171 gold pieces
 10946 | D:8      | Identified the +1 robe of Syndicalism {rPois rCorr Int+7
                  | Dex-5} (You bought it in a shop on level 8 of the Dungeon)
 11018 | D:8      | Reached skill level 5 in Dodging
 11176 | D:8      | Found Zomol's Assorted Antiques.
 11177 | D:8      | Found Uziref's Weapon Boutique.
 11202 | D:8      | Found Zoonox's Antique Weapon Boutique.
 11247 | D:8      | Found a shadowy altar of Dithmenos.
 11316 | D:8      | Reached skill level 8 in Fighting
 11618 | D:8      | Bought a runed leather armour for 150 gold pieces
 12098 | D:9      | Found a blossoming altar of Fedhas.
 12190 | D:9      | Noticed a two-headed ogre
 12193 | D:9      | Noticed a freezing wraith
 12197 | D:9      | Killed a two-headed ogre
 12209 | D:9      | Slain by a freezing wraith

Illustrated notes

Levels and vault maps discovered:
D:1:      dpeg_arrival_erosion, layout_rooms, shapermc_ecumenical_altar_ellora,
          minmay_pentomino_r2
D:2:      kennysheep_the_goblin_king, layout_loops_corners, uniq_sigmund
D:3:      layout_basic, lightli_sewer_entry_pipes, minivault_14,
          serial_bayou_pond_e, minivault_27, uniq_grinder
D:4:      layout_layer_cave, minmay_misc_feat_columns,
          minmay_goblin_kobold_house
D:5:      layout_basic, serial_shops, shop, minmay_misc_feat_tower
D:6:      layout_rooms, minmay_temple_entry_sparse_star, ebering_ghost_sewer_f
D:7:      layout_basic, grunt_temple_overflow_bloody_war,
          grunt_decor_mini_mirrors
D:8:      layout_gridville, grunt_dithmenos_smoke, serial_shops,
          nicolae_shop_trees, nicolae_lakefront_shop, nicolae_stop_n_shop_2,
          shop, nicolae_shop_crystal
D:9:      layout_stronghold, fedhas_altar_1, st_stairs_12, uniq_harold
Temple:   eino_narrow_crystal_temple

Skill      XL: |  1  2  3  4  5  6  7  8  9 10 |
---------------+-------------------------------+-----
Fighting       | 1 3 4 5 6 7 8 |  8.6
Stealth        | 2 3 4 5 |  5.0
Spellcasting   | 4 5 6 |  6.8
Dodging        | 4 6 |  6.3
Evocations     | 2 3 |  3.5

Action                   |  1- 3 |  4- 6 |  7- 9 | 10-12 || total
-------------------------+-------+-------+-------+-------++-------
Melee: Short sword       |       |       |     1 |       ||     1
 Fire: Hunting sling     |    11 |    30 |    57 |    10 ||   108
 Cast: Magic Dart        |    23 |    60 |    25 |       ||   108
       Searing Ray       |    15 |    24 |    80 |    13 ||   132
       Fulminant Prism   |       |     1 |     4 |     5 ||    10
       Iskenderun's Myst |       |     1 |     4 |     4 ||     9
       Animate Skeleton  |       |     1 |       |       ||     1
Invok: Curse Item        |       |       |     2 |       ||     2
  Use: Potion            |       |     2 |       |       ||     2
       Scroll            |       |     3 |    16 |       ||    19
Armor: Robe              |       |     6 |     3 |       ||     9
       Leather armour    |       |       |    12 |     3 ||    15
Dodge: Dodged            |     4 |    13 |    33 |    14 ||    64
Block: Other             |       |     3 |    20 |     4 ||    27
       Reflection        |       |       |       |     1 ||     1

Table legend: (Time is in decaauts)
 A = Elapsed time spent in this place.
 B = Non-inter-level travel time spent in this place.
 C = Inter-level travel time spent in this place.
 D = Time resting spent in this place.
 E = Time spent auto-exploring this place.
 F = Levels seen in this place.
 G = Mean time per level.
                   A        B        C        D        E       F      G
               +--------+--------+--------+--------+--------+-----+--------+
         Total |  12229 |  11801 |    428 |   4673 |   5545 |  11 | 1111.7 |
       Dungeon |  10781 |  10387 |    394 |   3817 |   5214 |   9 | 1197.9 |
        Temple |    273 |    239 |     34 |      0 |    227 |   1 |  273.0 |
         Sewer |   1174 |   1174 |      0 |    856 |    104 |   1 | 1174.0 |
               +--------+--------+--------+--------+--------+-----+--------+

Top non-repeatable levels by time:
     D:2: 1812 daAuts
     D:4: 1775 daAuts
     D:7: 1322 daAuts
     D:6: 1201 daAuts
   Sewer: 1174 daAuts
     D:1: 1142 daAuts
     D:8: 1113 daAuts
     D:3: 991 daAuts
     D:5: 927 daAuts
     D:9: 496 daAuts
  Temple: 273 daAuts
